 Dungeon Crawl Stone Soup version 0.20-a0-1039-gf554463 (webtiles) character file.

222 Gorglomux the Ruffian (level 5, -2/41 HPs)
             Began as a Ghoul Warper on Apr 22, 2017.
             Was an Initiate of Makhleb.
             Slain by a centaur (6 damage)
             ... on level 4 of the Dungeon.
             The game lasted 00:05:05 (3205 turns).

Gorglomux the Ruffian (Ghoul Warper)                Turns: 3205, Time: 00:05:05

Health: -2/41      AC:  5    Str: 15    XL:     5   Next: 99%
Magic:  6/6        EV: 11    Int:  8    God:    Makhleb [......]
Gold:   215        SH:  0    Dex:  9    Spells: 7/7 levels left

rFire    . . .     SeeInvis .     - Unarmed
rCold    + . .     Gourm    .   (no shield)
rNeg     + + +     Faith    .   a - +0 leather armour
rPois    ∞         Spirit   .   t - +0 helmet (curse)
rElec    .         Reflect  .   p - +0 cloak
rCorr    .         Harm     .   (no gloves)
MR       .....                  (no boots)
Stlth    ..........             (no amulet)
Regen    0.0/turn               g - ring of wizardry {Wiz+, !d}
MPRegen  0.1/turn               o - ring of loudness (curse) {Stlth-}

@: rotting
A: rotting body, claws 1, carnivore 3, cold resistance 1, negative energy
resistance 3, inhibited regeneration, torment resistance, unbreathing
a: Renounce Religion


You were on level 4 of the Dungeon.
You worshipped Makhleb.
Makhleb was noncommittal.
You were not hungry.

You visited 2 branches of the dungeon, and saw 5 of its levels.

You collected 215 gold pieces.

Inventory:

Hand Weapons
 e - a +0 mace
   (You found it on level 1 of the Dungeon)
 j - a +0 whip
   (You found it on level 1 of the Dungeon)
 k - a +0 dagger
   (You found it on level 1 of the Dungeon)
Missiles
 d - 5 tomahawks of dispersal {=f}
Armour
 a - a +0 leather armour (worn)
 p - a +0 cloak (worn)
   (You found it on level 2 of the Dungeon)
 t - a cursed +0 helmet (worn)
   (You found it on level 2 of the Dungeon)
 B - a +0 ring mail
   (You took it off an orc on level 3 of the Dungeon)
 D - a +0 shield
   (You found it on level 4 of the Dungeon)
Jewellery
 g - a ring of wizardry (left claw) {Wiz+, !d}
   (You found it on level 1 of the Dungeon)
 o - a cursed ring of loudness (right claw) {Stlth-}
   (You found it on level 2 of the Dungeon)
 y - an uncursed ring of positive energy {rN+}
   (You found it on level 3 of the Dungeon)
Wands
 s - a wand of acid (11/15)
   (You found it on level 2 of the Dungeon)
Scrolls
 c - 2 scrolls of blinking {!r}
 i - 3 scrolls of amnesia {unknown}
 l - a scroll of identify {unknown}
 n - a scroll of enchant weapon {unknown}
 x - a scroll of remove curse {unknown}
 A - 2 scrolls of teleportation {unknown}
Potions
 h - a potion of heal wounds {unknown}
 m - a potion of might {unknown}
 q - a potion of degeneration {unknown}
 u - a potion of lignification {unknown}
 v - a potion of ambrosia {unknown}
Books
 b - a book of Spatial Translocations
Comestibles
 f - 4 meat rations {@e2@e2}
 r - 2 royal jellies


   Skills:
 - Level 2.1 Fighting
 - Level 0.8 Throwing
 - Level 0.8 Armour
 - Level 1.7 Dodging
 + Level 6.6 Unarmed Combat
 - Level 1.7 Spellcasting
   Level 2.6 Translocations


You had 7 spell levels left.
You didn't know any spells.

Dungeon Overview and Level Annotations

Branches:
Dungeon (4/15)             Temple (1/1) D:4

Altars:
Elyvilon
Fedhas
Gozag
Hepliaklqana
Kikubaaqudgha
Makhleb
Nemelex Xobeh
Okawaru
Qazlal
Ru
Uskayaw
Vehumet
Wu Jian
Xom
Yredelemnul
Zin
The Shining One


Innate Abilities, Weirdness & Mutations

Your body is rotting away.
You thrive on raw meat.
You are immune to poison.
You have sharp fingernails.
You are carnivorous and can eat meat at any time.
Your flesh is cold resistant. (rC+)
You are immune to negative energy. (rN+++)
You do not regenerate when monsters are visible.
You are immune to unholy pain and torment.
You can survive without breathing.


Message History

Things that are here:
a vampiric spear {!w}; a gnoll corpse You butcher the gnoll corpse.
w - a chunk of flesh {@w0@w0}
Things that are here:
a vampiric spear {!w}; a gnoll skeleton
C - a tomahawk There isn't anything here!
C - 2 tomahawks (gained 1)
There isn't anything here!
You start resting.
An orc comes into view. It is wielding a flail.
An orc is nearby!
You regained 12 hp, and now have 35/41 hp.
An orc is nearby!
Aim: an orc, wielding a flail (hasn't noticed you)
You throw a tomahawk. The tomahawk barely misses the orc.
The orc shouts!
Aim: an orc, wielding a flail You throw a tomahawk.
The tomahawk completely misses the orc.
Aim: an orc, wielding a flail You throw a poisoned tomahawk.
The poisoned tomahawk hits the orc but does no damage.
The orc is poisoned.
An orc priest comes into view. It is wielding a flail.
Aim: an orc, wielding a flail (poisoned)
You throw a poisoned tomahawk.
The poisoned tomahawk barely misses the orc.
The orc priest shouts!
The orc priest calls upon Beogh to heal the orc.
The orc's wounds heal themselves!
Aim: an orc, wielding a flail (poisoned)
You throw a poisoned tomahawk. The poisoned tomahawk hits the orc.
The orc looks as sick as possible!
An orc warrior comes into view. It is wielding a short sword.
The orc warrior shouts!
You claw the orc!
You kill the orc!
Makhleb accepts your kill.
Aim: an orc priest, wielding a flail and wearing a chain mail You throw a poisoned tomahawk.
The poisoned tomahawk hits the orc priest but does no damage.
The orc priest is poisoned.
An orc priest comes into view.
Things that are here:
a flail; an orc corpse You scratch the orc priest but do no damage.
You claw the orc priest! The orc priest hits you with a flail.
You barely miss the orc priest. The orc priest hits you with a flail.
You barely miss the orc priest. You barely miss the orc priest.
You kill the orc priest!
Makhleb accepts your kill. The orc warrior barely misses you.
Items here: ( ) [ † a flail; a chain mail; a poisoned tomahawk; an orc corpse You scratch the orc warrior but do no damage.
Your claw misses the orc warrior.
The orc warrior hits you with a short sword!
The orc priest mumbles some strange prayers to Beogh against you.
Beogh smites you!
* * * LOW HITPOINT WARNING * * *
You hear a shout!
You take 30 damage, and have 5/41 hp.
MASSIVE DAMAGE!!
The orc priest miscasts a cantrip.
Things that are here:
a flail; an orc corpse Eat a chunk of flesh {@w0@w0}? (ye/n/q)
You eat the chunk of flesh {@w0@w0}.
This raw flesh tastes great!
The orc warrior hits you but does no damage.
You regained 6 hp, and now have 11/41 hp.
Okay, then.
An orc comes into view. It is wielding a hand axe.
An orc comes into view. It is wielding a short sword.
There is a stone staircase leading down here. 2 orcs come into view.
The orc shouts! x3
A goblin comes into view. It is wielding a club.
The orc closely misses you.
A hobgoblin comes into view.
The hobgoblin shouts!
The orc hits you but does no damage. x2
A kobold comes into view.
It is wielding a dagger. 2 orcs come into view.
The orc shouts!
The kobold shouts!
The orc moves out of view.
The orc hits you with a whip.
* * * LOW HITPOINT WARNING * * *
You take 4 damage, and have 7/41 hp.
The orc hits you with a whip.
* * * LOW HITPOINT WARNING * * *
You take 3 damage, and have 4/41 hp.
A centaur comes into view.
The centaur shouts!
The centaur wields a shortbow.
The centaur shoots an arrow.
The arrow closely misses you.
You see here an arrow.
The centaur unwields an uncursed shortbow.
The centaur hits you.
You die...

#+## #### .'...#
...####..####o..#
..............oo######
.............ooK##...#
.....§≈§......oo.....#
##..≈≈≈§≈...######...#
.).≈≈≈≈≈≈≈..# ####g..#
.#.≈§≈>§≈§.># #..g.###
.#.≈≈≈≈≈≈≈.## ##@###
o#.)≈≈§§≈o## #c#
.#...≈≈≈..# #.#
.#.......## #[#
...####### #.# .###
#.# .# #.# ## #.#


You could see a centaur, a hobgoblin and a goblin.

Vanquished Creatures
  An orc priest (D:4)
  6 adders
  3 gnolls (D:4)
  An ooze (D:2)
  An adder skeleton (D:4)
  3 worms
  3 dart slugs
  A leopard gecko (D:1)
  14 orcs
  2 ball pythons (D:3)
  2 bats
  3 giant cockroaches
  4 goblins
  7 hobgoblins
  4 jackals
  8 kobolds
  9 frilled lizards
  A jackal skeleton (D:4)
  7 rats
80 creatures vanquished.

Notes
Turn   | Place    | Note
-------+----------+-------------------------------------------
     0 | D:1      | Gorglomux the Ghoul Warper began the quest for the Orb.
     0 | D:1      | Reached XP level 1. HP: 17/17 MP: 2/2
   272 | D:1      | Reached XP level 2. HP: 24/24 MP: 3/3
   308 | D:1      | Reached skill level 3 in Unarmed Combat
   803 | D:1      | Reached XP level 3. HP: 28/29 MP: 4/4
  1020 | D:2      | Reached skill level 4 in Unarmed Combat
  1063 | D:2      | Found a faded altar of an unknown god.
  1203 | D:2      | Found a stormy altar of Qazlal.
  1281 | D:2      | Reached XP level 4. HP: 32/36 MP: 5/5
  1845 | D:2      | Reached skill level 5 in Unarmed Combat
  2513 | D:3      | Reached XP level 5. HP: 41/41 MP: 6/6
  2850 | D:4      | Found a staircase to the Ecumenical Temple.
  2853 | D:4      | Reached skill level 6 in Unarmed Combat
  2866 | Temple   | Entered the Ecumenical Temple
  3011 | Temple   | Became a worshipper of Makhleb the Destroyer
  3166 | D:4      | Noticed an orc warrior
  3174 | D:4      | HP: 5/41 [orc priest/divine providence (13)]
  3198 | D:4      | HP: 7/41 [orc/whip (4)]
  3204 | D:4      | Noticed a centaur
  3205 | D:4      | Slain by a centaur

Vault maps used:
D:1:      dpeg_arrival_rooms_a
D:2:      minmay_wonky_spiral, marbit_many_paths,
          chequers_ecumenical_altar_simple, minmay_heptomino_h4
D:4:      corexii_shantytown, minmay_temple_entry_mist
Temple:   regret_index_temple_sphere_string

Skill      XL: |  1  2  3  4  5 |
---------------+----------------+-----
Unarmed Combat | 3 4 5 6 |  6.6
Fighting       | |  2.1
Throwing       | |  0.8
Armour         | |  0.8
Dodging        | |  1.7
Spellcasting   | |  1.7
Translocations | |  2.6

Action                   |  1- 3 |  4- 6 || total
-------------------------+-------+-------++-------
Melee: Unarmed           |    89 |   154 ||   243
       Punch             |       |     3 ||     3
Throw: Tomahawk          |       |    48 ||    48
  Eat: Chunk             |     4 |     5 ||     9
Armor: Leather armour    |    14 |    43 ||    57
Dodge: Dodged            |    45 |    81 ||   126

Vault maps used:
D:1:      dpeg_arrival_rooms_a
D:2:      minmay_wonky_spiral, marbit_many_paths,
          chequers_ecumenical_altar_simple, minmay_heptomino_h4
D:4:      corexii_shantytown, minmay_temple_entry_mist
Temple:   regret_index_temple_sphere_string

Table legend:
 A = Turns spent in this place as a percentage of turns spent in the entire game.
 B = Non-inter-level travel turns spent in this place as a percentage of non-inter-level travel turns spent in the entire game.
 C = Inter-level travel turns spent in this place as a percentage of turns spent in this place.
 D = Turns resting spent in this place as a percentage of non-inter-level travel turns spent in this place.
 E = Turns spent auto-exploring this place as a percentage of non-inter-level travel turns spent in this place.
 F = Non-inter-level travel turns spent in this place divided by the number of levels of this place that you've seen.
                   A       B       C       D       E      F
               +-------+-------+-------+-------+-------+----------------------
         Total | 100.0 | 100.0 |   0.5 |   0.4 |  12.4 | 200.6
       Dungeon |  96.5 |  96.7 |   0.3 |   0.4 |   9.6 | 242.5
        Temple |   3.5 |   3.3 |   5.7 |   0.0 |  93.9 |  33.0
               +-------+-------+-------+-------+-------+----------------------

Table legend:
 A = Kills in this place as a percentage of kills in entire the game.
 B = Kills by you in this place as a percentage of kills by you in the entire game.
 C = Kills by friends in this place as a percentage of kills by friends in the entire game.
 D = Other kills in this place as a percentage of other kills in the entire game.
 E = Experience gained in this place as a percentage of experience gained in the entire game.
 F = Experience gained in this place divided by the number of levels of this place that you have seen.
                   A       B       C       D       E      F
               +-------+-------+-------+-------+-------+----------------------
         Total | 100.0 | 100.0 |  -nan |  -nan | 100.0 |  63.6
       Dungeon | 100.0 | 100.0 |  -nan |  -nan | 100.0 |  79.5
               +-------+-------+-------+-------+-------+----------------------
